 Dungeon Crawl Stone Soup version 0.24.1 (webtiles) character file.

Game seed: 16416234746854002245, levelgen mode: deterministic

699 bheow the Basher (level 7, -5/41 HPs)
             Began as a Gargoyle Fighter on Mar 26, 2020.
             Was a Believer of the Shining One.
             Slain by an ogre
             ... wielding a cursed -3 giant club
              (16 damage)
             ... on level 5 of the Dungeon.
             The game lasted 00:19:32 (4098 turns).

bheow the Basher (Gargoyle Fighter)                 Turns: 4098, Time: 00:19:33

Health: -5/41      AC: 11    Str: 22    XL:     7   Next: 65%
Magic:  7/7        EV:  7    Int:  8    God:    the Shining One [**....]
Gold:   307        SH:  9    Dex:  9    Spells: 6/6 levels left

rFire    . . .     SeeInvis .   a - +1 flail
rCold    . . .     Gourm    .   c - +0 shield
rNeg     + + .     Faith    .   b - +0 scale mail
rPois    ∞         Spirit   .   (no helmet)
rElec    +         Reflect  .   (no cloak)
rCorr    .         Harm     .   (no gloves)
MR       .....     Rnd*Tele +   (no boots)
Stlth    +.........             (no amulet)
HPRegen  0.13/turn              i - ring of stealth
MPRegen  0.10/turn              l - ring of teleportation (curse)

@: glowing
A: negative energy resistance 1, electricity resistance, unbreathing,
petrification resistance, rot immunity, AC +4
a: Divine Shield, Renounce Religion


You were on level 5 of the Dungeon.
You worshipped the Shining One.
The Shining One was pleased with you.
You were not hungry.

You visited 1 branch of the dungeon, and saw 6 of its levels.

You collected 331 gold pieces.
You donated 24 gold pieces to Zin.

Inventory:

Hand Weapons
 a - a +1 flail (weapon)
 o - a +0 flail
Armour
 b - a +0 scale mail (worn)
 c - a +0 shield (worn)
 v - a +0 scale mail
Jewellery
 i - a ring of stealth (left hand)
 l - a cursed ring of teleportation (right hand)
 n - an uncursed ring of magical power
Scrolls
 e - 2 scrolls of enchant weapon
 g - 2 scrolls of enchant armour
 h - 2 scrolls of teleportation
 m - a scroll of magic mapping
 s - 2 scrolls of blinking
 u - a scroll of noise {unknown}
Potions
 d - a potion of might
 j - 2 potions of mutation {unknown}
 p - 2 potions of invisibility
 q - a potion of flight {unknown}
 r - a potion of haste {unknown}
 t - 3 potions of curing
Comestibles
 f - 8 rations
 k - 7 chunks of flesh


   Skills:
 - Level 3.2 Fighting
 + Level 8.4 Maces & Flails
 - Level 3.2 Armour
 - Level 3.2 Shields


You had 6 spell levels left.
You didn't know any spells.
Your spell library was empty.

Dungeon Overview and Level Annotations

Branches:
Dungeon (6/15)
 Temple: D:4-7

Altars:
Ashenzari
Elyvilon
Hepliaklqana
Ru
Yredelemnul
Zin
The Shining One

Annotations:
D:5 1 runed translucent door, Bliebski's ghost, novice OgWz


Innate Abilities, Weirdness & Mutations

You are resistant to torment.
Your stone body is resilient. (AC +4)
You are immune to poison.
You resist negative energy. (rN+)
You are resistant to electric shocks. (rElec)
You can survive without breathing.
You are immune to petrification.
You are immune to rotting.


Message History

You thump the jelly!
You kill the jelly!
Found 8 stones.
You see here 8 stones.
Found a rapier.
An ogre comes into view. It is wielding a -3 giant club.
The ogre shouts!
Found a war axe.
The ogre hits you with a cursed -3 giant club!!
Ouch! That really hurt!
You see here a war axe.
You thump the ogre!
The ogre is moderately wounded.
You hit the ogre but do no damage.
The ogre is moderately wounded.
The ogre hits you with a cursed -3 giant club!
* * * LOW HITPOINT WARNING * * *
You feel better.
The ogre hits you with a cursed -3 giant club!
You die...

#...#########.###...#
#)#........(..##.....
#...############.....
##.## #..... #.#
##...# #.# ##.## #.#
#.# #.### #.# #..@#
#....O..# #.##.##.#
#. #. #.# # # #. #.#
#. .# ... ...# # ...
.... ...# #.#.. .....


You could see an ogre.

Vanquished Creatures
  A centaur (D:5)
  2 crimson imps
  A jelly (D:5)
  A hound (D:5)
  A centaur skeleton (D:6)
  2 orc priests (D:3)
  4 orc wizards
  2 worker ants (D:4)
  5 adders
  2 shadow imps
  An ooze (D:1)
  4 worms
  3 dart slugs
  6 leopard geckos
  23 orcs
  13 bats
  13 giant cockroaches
  8 goblins
  10 hobgoblins
  9 jackals
  10 kobolds
  A quokka (D:3)
  3 ball pythons (D:2)
  7 frilled lizards
  11 rats
  A fungus (D:5)
144 creatures vanquished.

Vanquished Creatures (others)
  2 orc wizards (D:3)
  3 toadstools (D:5)
  2 withered plants (D:5)
7 creatures vanquished.

Grand Total: 151 creatures vanquished

Notes
Turn   | Place    | Note
-------+----------+-------------------------------------------
     0 | D:1      | bheow the Gargoyle Fighter began the quest for the Orb.
     0 | D:1      | Reached XP level 1. HP: 14/14 MP: 1/1
    66 | D:1      | Reached XP level 2. HP: 19/19 MP: 2/2
   148 | D:1      | Reached skill level 3 in Maces & Flails
   240 | D:1      | Reached XP level 3. HP: 19/23 MP: 3/3
   705 | D:1      | Reached skill level 4 in Maces & Flails
   841 | D:2      | Found a white marble altar of Elyvilon.
   888 | D:2      | Reached XP level 4. HP: 26/28 MP: 4/4
  1518 | D:2      | Reached skill level 5 in Maces & Flails
  1519 | D:2      | Reached XP level 5. HP: 28/32 MP: 5/5
  1537 | D:2      | Found a sacrificial altar of Ru.
  1664 | D:2      | Found a basalt altar of Yredelemnul.
  1664 | D:2      | Found a glowing silver altar of Zin.
  1678 | D:2      | Became a worshipper of Zin the Law-Giver
  1678 | D:2      | Reached * piety under Zin
  1851 | D:3      | You fall into a shaft and drop 3 floors!
  1871 | D:6      | Reached skill level 6 in Maces & Flails
  1905 | D:6      | Reached XP level 6. HP: 34/37 MP: 6/6
  1939 | D:5      | Entered Level 5 of the Dungeon
  1982 | D:5      | Reached ** piety under Zin
  2005 | D:5      | Found a runed translucent door.
  2006 | D:5      | Noticed Bliebski's ghost (novice OgWz)
  2132 | D:4      | Found a shattered altar of Ashenzari.
  2281 | D:4      | Found a hazy altar of Hepliaklqana.
  2813 | D:4      | Found a glowing golden altar of the Shining One.
  2816 | D:4      | Fell from the grace of Zin
  2816 | D:4      | Became a worshipper of the Shining One
  2816 | D:4      | Reached * piety under the Shining One
  2974 | D:3      | Reached skill level 7 in Maces & Flails
  3142 | D:3      | Reached XP level 7. HP: 39/41 MP: 7/7
  3719 | D:5      | HP: 2/41 [centaur (2)]
  3721 | D:5      | Reached skill level 8 in Maces & Flails
  3870 | D:5      | Reached ** piety under the Shining One
  4098 | D:5      | Slain by an ogre

Levels and vault maps discovered:
D:1:      ncdulo_smallfort, layout_loops_ring, kennysheep_crisscross,
          minmay_3d_cube
D:2:      layout_loops_corners, nicolae_ru_great_annihilating_truth,
          elyvilon_altar_5, gammafunk_temple_overflow_elements, first_ration
D:3:      layout_basic
D:4:      layout_loops_ring, kennysheep_mini, lemuel_coloured_pillars_altar,
          minmay_liquid_box, evilmike_ruin_ashenzari
D:5:      layout_loops_ring, minmay_temple_entry_arrows, gammafunk_ghost_grave,
          minmay_gold_behind_fungi, feat_on_display
D:6:      layout_loops_ring, basic_altar

Skill      XL: |  1  2  3  4  5  6  7 |
---------------+----------------------+-----
Maces & Flails | 3 4 5 6 7 8 |  8.4
Fighting       | |  3.2
Armour         | |  3.2
Shields        | |  3.2

Action                   |  1- 3 |  4- 6 |  7- 9 || total
-------------------------+-------+-------+-------++-------
Melee: Flail             |   156 |   217 |    82 ||   455
  Use: Scroll            |     1 |       |     6 ||     7
       Potion            |       |       |     1 ||     1
 Stab: Paralysed         |       |     1 |       ||     1
  Eat: Chunk             |       |     8 |     3 ||    11
Armor: Scale mail        |   119 |   143 |    27 ||   289
Dodge: Dodged            |    56 |    61 |    21 ||   138
Block: Shield            |    98 |   125 |    25 ||   248
